 Dungeon Crawl Stone Soup version 0.27-a0-1497-gf8f22f7954 (webtiles) character file.

Game seed: 2456216172981686815

59871 Lekart the Nimble (level 14, -11/157 (181) HPs)
             Began as a Pale Draconian Chaos Knight on July 5, 2021.
             Was a Plaything of Xom.
             Killed from afar by an ironbound frostheart (20 damage)
             ... by creeping frost
             ... in an ice cave on July 7, 2021.
             The game lasted 00:53:41 (26964 turns).

Lekart the Nimble (Pale Draconian Chaos Knight)    Turns: 26964, Time: 00:53:42

HP:   -11/157 (181) AC: 27    Str: 21 (22) XL:     14   Next: 54%
MP:   0/14          EV:  2    Int: 11 (12) God:    Xom [....*.]
Gold: 467           SH: 16    Dex: 21 (25) Spells: 12/13 levels left

rFire    x . .     SeeInvis .   b - +9 spear "Gazan" {vorpal, rC+ Str+2}
rCold    + . .     Faith    .   c - +3 kite shield
rNeg     + + +     Spirit   +   (armour unavailable)
rPois    +         Reflect  .   (helmet currently unavailable)
rElec    +         Harm     .   (cloak currently unavailable)
rCorr    .         Rampage  .   (gloves currently unavailable)
Will     +....     NoTele   +   (boots currently unavailable)
Stlth    ++........             l - amulet of guardian spirit
HPRegen  0.36/turn              v - +6 ring of dexterity
MPRegen  0.14/turn              m - ring "Orphouzxi" {Wiz rElec rF- Str+5 Dex+3}

@: mighty, tree-form, heavily drained
A: stationary, stasis, torment immunity, boosted hp, (breathe steam), AC +8,
unfitting armour, (cold-blooded), (steam resistance), (stinger 3), (talons 1),
deterioration 2, (fire resistance 1), sense surroundings 1
a: Renounce Religion


You were in an ice cave.
You worshipped Xom.
You were a beloved toy of Xom.
You were a tree.
You visited 3 branches of the dungeon, and saw 19 of its levels.
You also visited: Ice Cave.

You collected 2487 gold pieces.
You spent 2020 gold pieces at shops.

Inventory:

Hand Weapons
 a - a +0 falchion of chaos
 b - the +9 spear "Gazan" (weapon) {vorpal, rC+ Str+2}
   (You found it on level 8 of the Dungeon)

   It inflicts extra damage upon your enemies.
   Str:       It affects your strength (+2).
   rC:        It protects you from cold.
Missiles
 q - 2 curare-tipped darts (quivered)
Armour
 c - a +3 kite shield (worn)
 j - a +0 pair of boots of rampaging (melded)
 n - a +0 cloak (melded)
 G - a +2 pair of gloves (melded)
Jewellery
 l - an amulet of guardian spirit (around neck)
 m - the ring "Orphouzxi" (right branch) {Wiz rElec rF- Str+5 Dex+3}
   (You acquired it on level 9 of the Dungeon)

   [ring of wizardry]

   It improves your spell success rate.
   Str:       It affects your strength (+5).
   Dex:       It affects your dexterity (+3).
   rF:        It makes you vulnerable to fire.
   rElec:     It insulates you from electricity.
 o - a ring of protection from cold
 v - a +6 ring of dexterity (left branch)
 w - a +4 ring of evasion
 C - a ring of positive energy
 D - a ring of fire
 H - a +6 ring of strength
 O - the ring "Poceph" {+Blink rF- Will+ Int+2 Dex+2}
   (Xom gifted it to you in an ice cave)

   [ring of willpower]

   Int:       It affects your intelligence (+2).
   Dex:       It affects your dexterity (+2).
   rF:        It makes you vulnerable to fire.
   +Blink:    It lets you blink.
   Will:      It increases your willpower.
Wands
 e - a wand of acid (9)
 f - a wand of flame (55)
 h - a wand of polymorph (6)
 u - a wand of iceblast (22)
 I - a wand of mindburst (11)
 L - a wand of paralysis (17)
Scrolls
 d - 4 scrolls of fog
 g - a scroll of teleportation
 t - 5 scrolls of identify
 z - a scroll of holy word
 E - 3 scrolls of amnesia
 F - a scroll of magic mapping
 K - 2 scrolls of enchant weapon
 M - a scroll of brand weapon
Potions
 i - 2 potions of ambrosia
 k - 6 potions of haste
 p - 4 potions of lignification
 r - a potion of magic
 s - 3 potions of brilliance
 x - a potion of curing
 B - a potion of flight {unknown}
Miscellaneous
 A - a phial of floods


   Skills:
 + Level 10.2 Fighting
 + Level 7.7(8.2) Short Blades
 + Level 3.9(6.3) Long Blades
 + Level 1.5 Maces & Flails
 + Level 11.2 Polearms
 + Level 1.7 Throwing
 * Level 13.8 Dodging
 + Level 11.8 Shields
 + Level 5.9 Evocations


You had 12 spell levels left.
You knew the following spells:

 Your Spells              Type           Power      Damage    Failure   Level
a - Beastly Appendage     Tmut           0%         N/A       21%         1

Your spell library contained the following spells:

 Spells                   Type           Power      Damage    Failure   Level
 Foxfire                  Conj/Fire      0%         2x1d4     21%         1
 Pain                     Necr           0%         1d4       21%         1
 Blink                    Tloc           N/A        N/A       32%         2
 Static Discharge         Conj/Air       0%         N/A       32%         2
 Wereblood                Tmut           0%         N/A       32%         2
 Conjure Flame            Conj/Fire      0%         6-21      52%         3
 Dazzling Flash           Conj/Hex       0%         N/A       52%         3
 Inner Flame              Hex/Fire       0%         N/A       52%         3
 Lesser Beckoning         Tloc           0%         N/A       52%         3
 Mephitic Cloud           Conj/Pois/Air  0%         N/A       52%         3
 Spider Form              Tmut/Pois      0%         N/A       52%         3
 Stone Arrow              Conj/Erth      0%         3d7       52%         3
 Animate Dead             Necr           0%         N/A       88%         4
 Dispel Undead            Necr           0%         3d6       88%         4
 Fulminant Prism          Conj/Hex       0%         3d6       88%         4
 Iskenderun's Mystic Bla  Conj/Tloc      0%         2d3       88%         4
 Olgreb's Toxic Radiance  Pois           0%         N/A       88%         4
 Sticky Flame             Conj/Fire      0%         2d3       88%         4
 Agony                    Necr           0%         N/A       99%         5
 Borgnjor's Vile Clutch   Necr/Erth      0%         N/A       99%         5
 Excruciating Wounds      Necr           0%         N/A       99%         5
 Fireball                 Conj/Fire      0%         3d3       99%         5
 Irradiate                Conj/Tmut      0%         3d14      99%         5
 Iskenderun's Battlesphe  Conj           0%         2d6       99%         5
 Lee's Rapid Deconstruct  Erth           0%         3d5*      99%         5
 Lightning Bolt           Conj/Air       0%         1d11      99%         5
 Manifold Assault         Tloc           0%         N/A       99%         5
 Conjure Ball Lightning   Conj/Air       0%         3x3d6     100%        6
 Death Channel            Necr           0%         N/A       100%        6
 Starburst                Conj/Fire      0%         8x6d3     100%        6
 Orb of Destruction       Conj           0%         N/A       100%        7
 Ignition                 Fire           0%         3d3       100%        8
 Lehudib's Crystal Spear  Conj/Erth      0%         10d2      100%        8
 Maxwell's Capacitive Co  Air            0%         ∞         100%        8
 Fire Storm               Conj/Fire      0%         5d1       100%        9
 Animate Armour           Summ/Erth      Unusable   N/A       N/A         4

Dungeon Overview and Level Annotations

Branches:
Dungeon (11/15)            Temple (0/1) D:5            Lair (6/6) D:9
 Shoals (0/4) Lair:2        Snake (0/4) Lair:4        Slime (0/5) Lair:6
    Orc (2/2) D:10            Elf (0/3) Orc:2         IceCv (1/1)

Altars:
Dithmenos
Fedhas
Gozag
Hepliaklqana
Makhleb
Okawaru
Ru
Sif Muna
Uskayaw
Wu Jian
Xom
Zin
The Shining One
Beogh
Jiyva

Shops:
D:1 *   Orc:1 **?*

Annotations:
D:3 exclusion: downstairs
D:6 2 transporters, fly's ghost, novice HuDe
D:9 3 runed translucent doors, Majang's ghost, novice DDTm; Tinttamiau's ghost, journeyman OgIE; generaletaddeo's ghost, novice DESu
Lair:6 1 runed translucent door


Innate Abilities, Weirdness & Mutations

You are a tree.
Your roots penetrate the ground, keeping you stationary.
You cannot be teleported.
You are immune to unholy pain and torment.
Your maximum health is greatly increased.
Your equipment is partially melded.
((You can breathe blasts of scalding, opaque steam.))
((Your pale cyan-grey scales are hard. (AC +8)))
You cannot fit into any form of body armour.
((You are cold-blooded and may be slowed by cold attacks.))
((You are immune to the effects of steam.))
((Your tail ends in a wickedly sharp and poisonous barb.))
((You have sharp toenails.))
Your body often deteriorates upon taking damage.
((Your flesh is heat resistant. (rF+)))
You passively map a small area around you.


Message History

You feel better.
Cornered, the polar bear turns to fight!
The death yak gores you.
* * * LOW HITPOINT WARNING * * *
The death yak gores you but does no damage.
You feel better. The ice encasing you melts away.
The death yak looks more healthy.
Cornered, the polar bear turns to fight!
The death yak gores you!
* * * LOW HITPOINT WARNING * * *
You block the death yak's attack.
You barely miss the death yak.
The death yak is severely wounded.
Cornered, the yak turns to fight!
The death yak gores you but does no damage.
You barely miss the death yak.
The death yak is severely wounded.
The death yak gores you but does no damage.
You barely miss the death yak.
The death yak is severely wounded.
You block the death yak's attack. The death yak gores you.
* * * LOW HITPOINT WARNING * * *
As you read the scroll of fear, it crumbles to dust.
You assume a fearsome visage.
The yak looks frightened!
The polar bear looks frightened!
The death yak resists with almost no effort. x2
The polar bear looks frightened!
The death yak gores you but does no damage.
Cornered, the ironbound frostheart turns to fight!
You block the death yak's attack.
You puncture the death yak!
The death yak is almost dead.
You puncture the death yak!
You kill the death yak!
You block the death yak's attack.
The ironbound frostheart calls freezing cold from the walls.
The frost grips you!! You partially resist.
You die...
Xom cackles wildly!

*,,∩,#.....)# #.....##
**,,*##..#.##**##..⌠.#
*,** #####.##,*##...#
*,######p##.#,,*#..##
*,#Y#h#.h#.##*,,..##**
*#......#.##*,,.##.*,*
*:$#....#.#**,#.**#,*,
*,,#†Y.###§☼..#** **,*
*,,##♣#* *#§§## ***
*,,,### *### *****


You could see a death yak, an ironbound frostheart, 2 polar bears and a yak
(fleeing).

Vanquished Creatures
  Rupert (Lair:4)
  7 hydras
  3 two-headed ogres
  A centaur warrior (D:9)
  7 death yaks
  Urug (Lair:4)
  An orc high priest (Orc:1)
  Nergalle (Orc:1)
  Sonja (Lair:4)
  A deep elf pyromancer (D:9)
  A wolf spider (Lair:6)
  2 manticores
  A guardian serpent (Lair:6)
  10 black mambas
  An ice statue (IceCv)
  16 elephants
  2 rime drakes (Lair:4)
  21 cane toads
  A tengu conjurer (D:8)
  5 komodo dragons
  11 polar bears
  3 hornets
  2 wind drakes
  5 blink frogs
  7 dream sheep
  A redback (Lair:5)
  A wraith (D:9)
  44 yaks
  13 wyverns
  2 basilisks
  A steam dragon (D:8)
  8 nagas (Lair:4)
  27 water moccasins
  Menkaure (D:4)
  An acid dragon (D:8)
  An ice beast (Lair:6)
  8 orc warriors
  A sky beast (D:8)
  4 black bears
  An ogre (D:7)
  A necrophage (D:6)
  4 centaurs
  23 wolves
  2 kobold brigands
  11 bullfrogs
  5 scorpions
  A wyvern zombie (D:9)
  A gnoll sergeant (D:5)
  A cane toad simulacrum (Orc:2)
  A two-headed ogre simulacrum (Orc:2)
  6 killer bees (D:9)
  5 wights
  A vampire bat (Lair:1)
  5 centaur zombies
  A bullfrog zombie (D:4)
  2 gnoll shamans
  2 hounds
  10 orc priests
  Crazy Yiuf (D:4)
  Jessica (D:2)
  2 centaur skeletons
  Ijyb (D:5)
  3 iguanas
  15 orc wizards
  A troll simulacrum (Orc:2)
  Natasha (D:2)
  4 killer bee zombies
  3 spriggan simulacra (Orc:2)
  A wolf simulacrum (Orc:2)
  2 hound skeletons (D:4)
  2 howler monkey zombies
  2 howler monkey skeletons
  10 gnolls
  8 adders
  A naga simulacrum (Orc:2)
  A shadow imp (D:7)
  A white imp (D:6)
  2 ufetubi
  An adder skeleton (D:4)
  4 worms
  A dart slug (D:2)
  42 orcs
  5 endoplasms
  3 giant cockroaches
  5 goblins
  7 hobgoblins
  3 quokkas
  11 ball pythons
  13 bats
  A frilled lizard (D:1)
  14 kobolds
  3 rats
483 creatures vanquished.

Vanquished Creatures (collateral kills)
  A death yak (Lair:3)
  A yak (D:8)
  An orc warrior (D:8)
  An orc wizard (D:8)
  An orc (D:8)
  A bat (D:2)
6 creatures vanquished.

Vanquished Creatures (others)
  A dancing weapon (D:8)
  A slime creature (D:8)
  A yak (D:9)
  72 fungi
  143 plants
  3 toadstools (D:5)
  4 withered plants (D:9)
225 creatures vanquished.

Grand Total: 714 creatures vanquished

Notes
Turn   | Place    | Note
-------+----------+-------------------------------------------
     0 | D:1      | Lekart the Draconian Chaos Knight began the quest for the
                  | Orb.
     0 | D:1      | Reached XP level 1. HP: 19/19 MP: 1/1
   142 | D:1      | Reached XP level 2. HP: 18/26 MP: 2/2
   652 | D:1      | XOM: silly message
   683 | D:1      | Found Qaevuqok's Assorted Antiques.
   989 | D:2      | Reached XP level 3. HP: 27/33 MP: 3/3
  1093 | D:2      | XOM: butterfly on damage
  1167 | D:2      | Noticed Jessica
  1167 | D:2      | XOM: cast spell 'Summon Ice Beast'
  1177 | D:2      | Killed Jessica
  1178 | D:2      | Reached skill level 3 in Dodging
  1272 | D:2      | XOM is BORED!
  1272 | D:2      | XOM: 4-stop teleportation journey
  1278 | D:2      | XOM: 5-stop teleportation journey
  1279 | D:2      | Reached XP level 4. HP: 28/40 MP: 4/4
  1523 | D:2      | Noticed Natasha
  1536 | D:2      | Killed Natasha
  1574 | D:2      | XOM: god gift: glaive {god gift}
  1870 | D:2      | XOM: divination: detect creatures
  2291 | D:3      | Reached skill level 1 in Maces & Flails
  2556 | D:3      | Reached XP level 5. HP: 46/46 MP: 5/5
  2931 | D:3      | XOM: divination: magic mapping
  3016 | D:3      | Found a burning altar of Makhleb.
  3036 | D:3      | XOM: smoke on damage
  3177 | D:3      | Found a faded altar of an unknown god.
  3181 | D:3      | XOM: divination: detect items
  3336 | D:4      | Found a sacrificial altar of Ru.
  3342 | D:4      | Found a hazy altar of Hepliaklqana.
  3360 | D:4      | Found an opulent altar of Gozag.
  3452 | D:4      | Reached skill level 1 in Short Blades
  3774 | D:4      | XOM: noise
  3775 | D:4      | XOM: silly message
  3779 | D:4      | Reached skill level 4 in Dodging
  3779 | D:4      | Reached XP level 6. HP: 30/52 MP: 6/6
  3973 | D:4      | XOM: confuse monster(s)
  3986 | D:4      | XOM: confuse monster(s)
  4062 | D:4      | XOM: noise
  4231 | D:4      | Found a runed translucent door.
  4232 | D:4      | Noticed Crazy Yiuf
  4311 | D:4      | XOM: silly message
  4435 | D:4      | XOM: silly message
  4442 | D:4      | Noticed Menkaure
  4443 | D:4      | XOM: smoke on damage
  4467 | D:4      | XOM: potion effect (curing)
  5135 | D:4      | Found a shimmering blue altar of Sif Muna.
  5137 | D:4      | Found a blossoming altar of Fedhas.
  5137 | D:4      | XOM: silly message
  5140 | D:4      | Found an ornate altar of the Wu Jian Council.
  5411 | D:4      | XOM: silly message
  5413 | D:4      | Killed Crazy Yiuf
  5536 | D:4      | Killed Menkaure
  5537 | D:4      | Your scales start taking on a pale cyan-grey colour.
  5537 | D:4      | Reached XP level 7. HP: 50/60 MP: 7/7
  5537 | D:4      | Gained mutation: You are immune to the effects of steam.
                  | [Pale Draconian growth]
  5578 | D:5      | Entered Level 5 of the Dungeon
  5621 | D:5      | Found a staircase to the Ecumenical Temple.
  5628 | D:5      | XOM: smoke on damage
  5686 | D:5      | XOM: 5-stop teleportation journey
  5693 | D:5      | Reached skill level 1 in Shields
  5707 | D:5      | Reached skill level 5 in Dodging
  5847 | D:5      | XOM: blink monster(s)
  5922 | D:5      | XOM: noise
  6152 | D:5      | Noticed Ijyb
  6172 | D:5      | Killed Ijyb
  6565 | D:5      | XOM: 1-stop teleportation journey
  6567 | D:5      | XOM: summons 4 hostile demons
  6806 | D:5      | XOM: enchant monster (bad)
  6833 | D:5      | XOM: noise
  6838 | D:5      | Reached XP level 8. HP: 51/67 MP: 8/8
  6841 | D:5      | Reached skill level 6 in Dodging
  7043 | D:5      | Reached skill level 5 in Short Blades
  7156 | D:6      | Reached skill level 5 in Fighting
  7200 | D:6      | XOM: summons 1 hostile shadow creature
  7237 | D:5      | XOM: chaos upgrade
  7240 | D:5      | XOM: swap monsters
  7648 | D:6      | Got the Grimoire of Conjuration
  7670 | D:6      | XOM: summons friendly ufetubus
  7674 | D:6      | XOM: summons 4 hostile shadow creatures
  7908 | D:6      | Found a transporter.
  7910 | D:6      | Noticed fly's ghost (novice HuDe)
  8005 | D:6      | Identified the +3 dire flail "Coefi" {freeze, rC+ rCorr
                  | Str+3 SInv}
  8009 | D:6      | Found a transporter.
  8821 | D:7      | Reached skill level 7 in Dodging
  9311 | D:8      | XOM: silly message
  9317 | D:8      | XOM: give mutation
  9317 | D:8      | Gained mutation: You tend to lose your temper in combat.
                  | [Xom's mischief]
  9326 | D:8      | XOM: smoke on damage
  9436 | D:8      | XOM: summons 2 friendly demons
  9457 | D:8      | Reached XP level 9. HP: 51/75 MP: 9/9
  9607 | D:8      | Noticed a tengu conjurer
  9615 | D:8      | Killed a tengu conjurer
  9616 | D:8      | Reached skill level 1 in Throwing
  9631 | D:8      | Noticed a tengu warrior
  9635 | D:8      | XOM: enchant monster (good)
  9648 | D:8      | Noticed a wind drake
  9648 | D:8      | a tengu warrior changed into a wind drake
  9652 | D:8      | XOM: smoke on damage
  9655 | D:8      | Killed a wind drake
  9656 | D:8      | Reached skill level 1 in Evocations
  9664 | D:8      | Identified the +9 spear "Gazan" {vorpal, rC+ Str+2}
  9964 | D:8      | XOM: give mutations
  9964 | D:8      | Gained mutation: Your flesh is cold resistant. (rC+) [Xom's
                  | grace]
  9964 | D:8      | Gained mutation: You expend magic power (3 MP) to
                  | strengthen your wands. [Xom's grace]
  9964 | D:8      | Gained mutation: Your tail ends in a poisonous barb. [Xom's
                  | grace]
 10135 | D:8      | Noticed a two-headed ogre
 10145 | D:8      | XOM: give mutations
 10145 | D:8      | Gained mutation: Your flesh is heat resistant. (rF+) [Xom's
                  | grace]
 10145 | D:8      | Gained mutation: You are agile. (Dex +2) [Xom's grace]
 10145 | D:8      | Gained mutation: Your tail ends in a sharp poisonous barb.
                  | [Xom's grace]
 10145 | D:8      | Gained mutation: You have large cloven feet. [Xom's grace]
 10249 | D:8      | XOM: god gift: 24 stones
 10456 | D:8      | XOM: give mutation
 10456 | D:8      | Gained mutation: You have a pair of small antennae on your
                  | head. [Xom's grace]
 10474 | D:8      | Killed a two-headed ogre
 10475 | D:8      | Reached skill level 1 in Polearms
 10642 | D:8      | Reached skill level 8 in Dodging
 10700 | D:8      | Noticed a two-headed ogre
 10709 | D:8      | Killed a two-headed ogre
 10710 | D:8      | Reached XP level 10. HP: 58/86 MP: 10/10
 11254 | D:8      | Found a glowing silver altar of Zin.
 11255 | D:8      | Found an iron altar of Okawaru.
 12058 | D:9      | XOM: confusion (+ monsters)
 12061 | D:9      | XOM: summons 2 hostile demons
 12300 | D:8      | XOM: summons 4 hostile demons
 12328 | D:8      | XOM: summons 7 friendly demons
 12529 | D:8      | XOM: swap monsters
 12637 | D:9      | Noticed Tinttamiau's ghost (journeyman OgIE)
 12637 | D:9      | Noticed generaletaddeo's ghost (novice DESu)
 12637 | D:9      | Noticed Majang's ghost (novice DDTm)
 12638 | D:9      | Found a runed translucent gate.
 12638 | D:9      | Found a runed translucent gate.
 12638 | D:9      | Found a runed translucent gate.
 12693 | D:9      | Noticed a four-headed hydra
 12709 | D:9      | Killed a four-headed hydra
 12710 | D:9      | Reached skill level 9 in Dodging
 12964 | D:9      | Noticed a deep elf pyromancer
 12965 | D:9      | Noticed a centaur warrior
 12967 | D:9      | Identified a scroll of acquirement
 12967 | D:9      | Acquired the ring "Orphouzxi" {Wiz rElec rF- Str+5 Dex+3}
 12974 | D:9      | Killed a centaur warrior
 12975 | D:9      | Reached skill level 5 in Shields
 12977 | D:9      | Reached skill level 5 in Polearms
 12983 | D:9      | XOM: cast spell 'Necromutation'
 12990 | D:9      | Killed a deep elf pyromancer
 12991 | D:9      | Reached XP level 11. HP: 49/94 MP: 8/11
 13203 | D:9      | XOM: divine lightning
 13404 | D:9      | XOM: scenery: summon butterflies
 13427 | D:9      | Found a glowing golden altar of the Shining One.
 13454 | D:9      | Found a staircase to the Lair.
 13559 | D:9      | Found a hide-covered altar of Uskayaw.
 13591 | D:9      | XOM: divination: magic mapping
 13886 | D:10     | Entered Level 10 of the Dungeon
 13896 | D:10     | Found a shadowy altar of Dithmenos.
 14079 | D:10     | XOM: give mutation
 14079 | D:10     | Gained mutation: Your system is resistant to poisons.
                  | (rPois) [Xom's grace]
 14087 | D:10     | Found a staircase to the Orcish Mines.
 14115 | D:10     | XOM: cloud trail
 14198 | D:10     | XOM: scenery: create altars
 14300 | D:10     | Noticed a two-headed ogre
 14306 | D:10     | XOM: silly message
 14311 | D:10     | Killed a two-headed ogre
 14455 | D:10     | XOM: noise
 14662 | D:11     | Learned a level 1 spell: Beastly Appendage
 14726 | D:11     | Noticed a skeletal warrior
 14738 | D:11     | Found a sacrificial altar of Ru.
 14738 | D:11     | XOM: 2-stop teleportation journey
 14814 | D:10     | XOM: god gift: Xom's Volume of Circular Logic {god gift}
 14817 | D:10     | Got Xom's Volume of Circular Logic {god gift}
 14921 | Lair:1   | Entered Level 1 of the Lair of Beasts
 14931 | Lair:1   | Reached skill level 10 in Dodging
 14992 | Lair:1   | XOM: cloud trail
 15059 | Lair:1   | XOM: god gift: quarterstaff {god gift}
 15120 | Lair:1   | XOM: cleaving
 15197 | Lair:1   | XOM: swap monsters
 15270 | Lair:1   | Lost mutation: Your flesh is cold resistant. (rC+) [potion
                  | of mutation]
 15270 | Lair:1   | Lost mutation: You expend magic power (3 MP) to strengthen
                  | your wands. [potion of mutation]
 15270 | Lair:1   | Lost mutation: Your tail ends in a sharp poisonous barb.
                  | [potion of mutation]
 15344 | Lair:1   | XOM: potion effect (might)
 15359 | Lair:1   | XOM: potion effect (heal wounds)
 15770 | Lair:2   | Found a sacrificial altar of Ru.
 15787 | Lair:2   | Found a staircase to the Shoals.
 15798 | Lair:2   | XOM: cast spell 'Leda's Liquefaction'
 15857 | Lair:2   | XOM: silly message
 15859 | Lair:2   | XOM: silly message
 15907 | Lair:2   | XOM: divination: magic mapping
 15910 | Lair:2   | XOM: cast spell 'Cause Fear'
 16025 | Lair:2   | XOM: god gift: book of Blasting
 16109 | Lair:2   | Noticed a five-headed hydra
 16117 | Lair:2   | Killed a five-headed hydra
 16330 | Lair:2   | XOM: god gift: runed hand axe {god gift}
 16506 | Lair:2   | XOM: divination: magic mapping
 16810 | Lair:2   | XOM: enchant monster (bad)
 16817 | Lair:2   | XOM: divination: detect creatures
 16818 | Lair:2   | Reached XP level 12. HP: 103/103 MP: 12/12
 16978 | Lair:2   | XOM: silly message
 16981 | Lair:2   | XOM: cast spell 'Metabolic Englaciation'
 17228 | Lair:3   | Reached skill level 11 in Dodging
 17358 | Lair:3   | XOM: divination: magic mapping
 17402 | Lair:3   | XOM: 7-stop teleportation journey
 17403 | Lair:3   | Noticed a six-headed hydra
 17411 | Lair:3   | Killed a six-headed hydra
 17431 | Lair:3   | XOM: 1-stop teleportation journey
 17604 | Lair:3   | Noticed a death yak
 17604 | Lair:3   | Noticed a death yak
 17604 | Lair:3   | Noticed a death yak
 17604 | Lair:3   | Noticed a death yak
 17605 | Lair:3   | XOM: cast spell 'Leda's Liquefaction'
 17606 | Lair:3   | XOM: enchant monster (good)
 17609 | Lair:3   | Killed a death yak
 17612 | Lair:3   | Killed a death yak
 17612 | Lair:3   | XOM: summons friendly iron imp
 17618 | Lair:3   | XOM: enchant monster (good)
 17622 | Lair:3   | Killed a death yak
 17631 | Lair:3   | Killed a death yak
 17687 | Lair:3   | XOM: 4-stop teleportation journey
 17847 | Lair:3   | XOM: silly message
 17990 | Lair:3   | Noticed a five-headed hydra
 17990 | Lair:3   | Noticed a six-headed hydra
 17997 | Lair:3   | Killed a five-headed hydra
 17998 | Lair:3   | Reached skill level 5 in Evocations
 17998 | Lair:3   | XOM: potion effect (brilliance)
 18006 | Lair:3   | Killed a six-headed hydra
 18288 | Lair:4   | XOM: potion effect (might)
 18302 | Lair:4   | XOM: silly message
 18471 | Lair:4   | Found a staircase to the Snake Pit.
 18620 | Lair:4   | Noticed Rupert
 18634 | Lair:4   | XOM: noise
 18639 | Lair:4   | XOM: cleaving
 18646 | Lair:4   | Killed Rupert
 18647 | Lair:4   | Reached skill level 12 in Dodging
 18647 | Lair:4   | Reached XP level 13. HP: 90/111 MP: 7/13
 18756 | Lair:4   | Noticed Urug
 18768 | Lair:4   | XOM: give mutations
 18768 | Lair:4   | Lost mutation: You tend to lose your temper in combat.
                  | [Xom's grace]
 18768 | Lair:4   | Gained mutation: You passively map a small area around you.
                  | [Xom's grace]
 18768 | Lair:4   | Gained mutation: Your mind is acute. (Int +2) [Xom's grace]
 18769 | Lair:4   | Killed Urug
 18865 | Lair:4   | XOM: noise
 18970 | Lair:4   | Noticed Sonja
 18977 | Lair:4   | Killed Sonja
 19091 | Lair:4   | XOM: potion effect (might)
 19124 | Lair:4   | XOM: scenery: summon butterflies
 19370 | Lair:4   | XOM is BORED!
 19370 | Lair:4   | XOM: summons 7 hostile demons
 19549 | Lair:3   | XOM: scenery: summon butterflies
 19575 | Lair:4   | XOM: divination: detect items
 19722 | Lair:4   | XOM: divination: detect creatures
 19953 | Lair:5   | XOM: scenery: summon butterflies
 19963 | Lair:5   | XOM: 2-stop teleportation journey
 20067 | Lair:5   | XOM: noise
 20180 | Lair:5   | Reached skill level 10 in Shields
 20265 | Lair:5   | Acquired 935 gold pieces
 20395 | Lair:5   | XOM: summons 3 hostile shadow creatures
 20733 | Lair:5   | Found a burning altar of Makhleb.
 20895 | Lair:6   | Entered Level 6 of the Lair of Beasts
 20916 | Lair:6   | XOM: 2-stop teleportation journey
 20938 | Lair:6   | XOM: blink monster(s)
 20939 | Lair:6   | XOM: potion effect (invisibility)
 20944 | Lair:6   | Found a runed translucent door.
 20944 | Lair:6   | Found a viscous altar of Jiyva.
 20944 | Lair:6   | Found a staircase to the Slime Pits.
 20963 | Lair:6   | XOM: swap monsters
 21113 | Lair:6   | XOM: give mutation
 21113 | Lair:6   | Gained mutation: You are weak. (Str -2) [Xom's mischief]
 21160 | Lair:6   | XOM: draining
 21179 | Lair:6   | XOM: 1-stop teleportation journey
 21196 | Lair:6   | XOM: give mutations
 21196 | Lair:6   | Lost mutation: Your system is resistant to poisons. (rPois)
                  | [Xom's mischief]
 21196 | Lair:6   | Lost mutation: You have large cloven feet. [Xom's mischief]
 21440 | Lair:5   | Reached skill level 10 in Polearms
 21511 | Lair:5   | XOM: summons 7 hostile demons
 21842 | Lair:6   | XOM: smoke on damage
 21959 | Lair:6   | XOM: fake destruction
 21999 | Lair:5   | XOM: smoke on damage
 22082 | Lair:6   | XOM: god gift: +6 antimagic lajatang
 22093 | Lair:5   | Reached skill level 13 in Dodging
 22156 | Lair:6   | Upgraded the game from 0.27-a0-1456-gf5a116941d to
                  | 0.27-a0-1497-gf8f22f7954
 22553 | Lair:6   | Identified the ring "Risad" {Ice Will- rCorr Stlth+}
 22625 | Lair:6   | XOM: summons friendly shadow imp
 22630 | Lair:6   | XOM: confuse monster(s)
 22776 | Lair:6   | XOM: scenery: summon butterflies
 22830 | Lair:6   | XOM: confuse monster(s)
 22834 | Lair:6   | Reached XP level 14. HP: 109/119 MP: 14/14
 22954 | Lair:6   | XOM: enchant monster (good)
 22955 | Lair:6   | XOM: polymorph water moccasin -> ice beast
 22961 | Lair:6   | XOM: fog
 23042 | Lair:6   | XOM: repel stairs
 23150 | Lair:6   | XOM: stat loss: -1 Str (19/20)
 23491 | Lair:6   | XOM: give mutations
 23491 | Lair:6   | Lost mutation: You are agile. (Dex +2) [Xom's mischief]
 23491 | Lair:6   | Gained mutation: Your tail ends in a sharp poisonous barb.
                  | [Xom's mischief]
 23491 | Lair:6   | Lost mutation: You are weak. (Str -2) [Xom's mischief]
 23491 | Lair:6   | Gained mutation: Your body sometimes deteriorates upon
                  | taking damage. [Xom's mischief]
 23716 | Lair:6   | XOM: swap monsters
 23909 | Lair:6   | XOM: summons 1 hostile demon
 24306 | Lair:6   | XOM: silly message
 24353 | Lair:6   | Reached skill level 10 in Fighting
 24413 | Lair:6   | XOM: give mutation
 24413 | Lair:6   | Lost mutation: Your mind is acute. (Int +2) [Xom's
                  | mischief]
 24414 | Lair:6   | XOM: give mutation
 24414 | Lair:6   | Gained mutation: You have sharp toenails. [Xom's mischief]
 24484 | Lair:6   | XOM: torment (69/121 hp)
 24790 | Lair:6   | XOM: stat loss: -1 Dex (23/25)
 24798 | Lair:6   | Identified the +3 scythe of the Four Seers {vorpal, +Blink
                  | rPois rF- Dex+5}
 25015 | Orc:1    | Entered Level 1 of the Orcish Mines
 25016 | Orc:1    | Found Mousiuxu's Assorted Antiques.
 25016 | Orc:1    | Found Imaxot's Assorted Antiques.
 25016 | Orc:1    | XOM: 1-stop teleportation journey
 25047 | Orc:1    | XOM: swap monsters
 25238 | Orc:1    | XOM: stat loss: -1 Str (18/22)
 25300 | Orc:1    | Bought a scroll of magic mapping for 101 gold pieces
 25300 | Orc:1    | Bought a wand of mindburst (11) for 116 gold pieces
 25300 | Orc:1    | Bought a potion of curing for 87 gold pieces
 25303 | Orc:1    | Bought a potion of mutation for 168 gold pieces
 25303 | Orc:1    | Lost mutation: You have a pair of small antennae on your
                  | head. [potion of mutation]
 25303 | Orc:1    | Gained mutation: Your tail ends in a wickedly sharp and
                  | poisonous barb. [potion of mutation]
 25304 | Orc:1    | Bought a scroll of enchant weapon for 157 gold pieces
 25304 | Orc:1    | Bought a scroll of magic mapping for 73 gold pieces
 25362 | Orc:1    | Found Qivio's General Store.
 25370 | Orc:1    | Bought a wand of acid (9) for 364 gold pieces
 25378 | Orc:1    | Noticed Nergalle
 25397 | Orc:1    | Killed Nergalle
 25399 | Orc:1    | Found Kuung's Magic Scroll Shoppe.
 25417 | Orc:1    | Bought a scroll of acquirement for 624 gold pieces
 25417 | Orc:1    | Bought a scroll of brand weapon for 240 gold pieces
 25417 | Orc:1    | Bought a scroll of enchant weapon for 90 gold pieces
 25418 | Orc:1    | Acquired a +0 pair of boots of rampaging
 25483 | Orc:2    | Entered Level 2 of the Orcish Mines
 25483 | Orc:2    | Found a frozen archway.
 25518 | IceCv    | Entered an ice cave
 25657 | IceCv    | XOM: blink monster(s)
 25776 | IceCv    | XOM: stat loss: -1 Dex (23/25)
 25790 | IceCv    | XOM: confusion (+ monsters)
 25907 | IceCv    | XOM: give mutation
 25907 | IceCv    | Gained mutation: Your body often deteriorates upon taking
                  | damage. [Xom's mischief]
 25946 | IceCv    | XOM: summons 1 hostile shadow creature
 26059 | IceCv    | XOM: confuse monster(s)
 26065 | IceCv    | XOM: swap monsters
 26085 | IceCv    | XOM: summons friendly quasit
 26296 | IceCv    | XOM: summons 5 friendly demons
 26305 | IceCv    | XOM: god gift: 35 gold pieces
 26352 | IceCv    | XOM: torment (57/121 hp)
 26392 | IceCv    | XOM: summons 8 hostile demons
 26655 | IceCv    | XOM: summons 2 hostile shadow creatures
 26809 | IceCv    | XOM: summons 4 hostile shadow creatures
 26827 | IceCv    | XOM: divination: detect creatures
 26865 | IceCv    | XOM: draining
 26871 | IceCv    | Identified the ring "Poceph" {+Blink rF- Will+ Int+2 Dex+2}
                  | (Xom gifted it to you in an ice cave)
 26871 | IceCv    | XOM: god gift: ring "Poceph" {+Blink rF- Will+ Int+2 Dex+2}
 26954 | IceCv    | HP: 6/157 [death yak (8)]
 26964 | IceCv    | Killed from afar by an ironbound frostheart

Illustrated notes

Levels and vault maps discovered:
D:1:      lightli_arrival_lavapool, layout_loops_ring, serial_shops, shop,
          minmay_misc_feat_ornament
D:2:      layout_basic, uniq_jessica, uniq_natasha
D:3:      layout_loops_ring, lightli_temple_of_fire,
          shapermc_ecumenical_altar_gd, kennysheep_big_empty_room,
          minmay_unequal
D:4:      layout_basic, grunt_temple_overflow_diamond,
          gammafunk_temple_overflow_forgotten, minivault_11,
          uniq_crazy_yiuf_cottage, uniq_menkaure
D:5:      layout_basic, minmay_temple_entry_junction, minmay_gold_behind_fungi,
          due_unseen_surprise, uniq_ijyb
D:6:      layout_basic, gammafunk_ghost_smash
D:7:      layout_basic
D:8:      nzn_winding_woodlands_cross [nzn_winding_woodlands_5x15_default,
          nzn_winding_woodlands_5x15_parted,
          nzn_winding_woodlands_5x15_split_checker,
          nzn_winding_woodlands_5x15_garden,
          nzn_winding_woodlands_15x15_boxy_spiral], layout_layer_cave,
          minitemple, roderic_three_in_a_row
D:9:      minmay_distorted_concentric_squares, layout_irregular_city,
          lemuel_coloured_pillars_altar, kennysheep_mini, david_lair_shrubbed,
          gammafunk_ghost_cemetery, chequers_serial_rivers_room_a
D:10:     layout_irregular_city, grunt_dithmenos_smoke,
          minmay_orc_entry_temple_small
D:11:     layout_cave_pools, nicolae_ru_awakened_eye
Lair:1:   layout_roguey, roderic_batcave, serial_bayou_pond_d,
          serial_bayou_shore_a
Lair:2:   layout_loops_ring, minmay_shoals_entry_beasts, basic_altar,
          nicolae_volcano_entry_two_sided
Lair:3:   layout_cave_shapes, minmay_shattered_shrine
Lair:4:   layout_regular_city, minmay_snake_entry_guardpost_large, uniq_urug,
          uniq_rupert, uniq_sonja
Lair:5:   layout_cellular_growth, basic_altar
Lair:6:   hangedman_lair_tendril_chambers, layout_layer_cave, slime_altar_2,
          serial_bayou_shore_b
Orc:1:    layout_diamond_mine, serial_shops, shop, nicolae_lakefront_shop, shop,
          shop, uniq_nergalle
Orc:2:    grunt_orc_community_town_hall, layout_diamond_mine,
          grunt_orc_community_big_house_2, grunt_orc_community_big_house_2,
          grunt_orc_community_house_3, grunt_orc_community_house_2,
          grunt_orc_community_house_1, grunt_orc_community_house_1,
          grunt_orc_community_house_3, portal_ice_cave_entry_ice_simulacra,
          uniq_nessos, uniq_azrael
IceCv:    ice_cave_caverns_01

Skill      XL: |  1  2  3  4  5  6  7  8  9 10 11 12 13 14 |
---------------+-------------------------------------------+-----
Dodging        | 3 4 5 7 8 9 10 12 13 | 13.8
Fighting       | 4 5 7 8 9 10 | 10.2
Maces & Flails | 1 |  1.5
Short Blades   | 2 3 4 6 7 |  7.7
Shields        | 1 2 3 5 7 9 11 | 11.8
Throwing       | 1 |  1.7
Evocations     | 3 4 5 |  5.9
Polearms       | 2 5 7 9 10 11 | 11.2
Long Blades    | |  3.9

Action                   |  1- 3 |  4- 6 |  7- 9 | 10-12 | 13-15 || total
-------------------------+-------+-------+-------+-------+-------++-------
Melee: Falchion          |    47 |       |       |       |       ||    47
       Tailslap          |     5 |    28 |    45 |    99 |   282 ||   459
       Whip              |    38 |    17 |       |       |       ||    55
       Short sword       |       |   215 |   312 |       |       ||   527
       Spear             |       |       |    19 |   531 |  1115 ||  1665
       Kick              |       |       |     1 |   234 |   118 ||   353
Throw: Dart              |       |       |     7 |     3 |     8 ||    18
 Abil: Breathe Steam     |       |       |    10 |    22 |    10 ||    42
Evoke: Wand              |       |       |    22 |    29 |    22 ||    73
       Phial of floods   |       |       |       |     1 |       ||     1
  Use: Potion            |       |     2 |     4 |     6 |     9 ||    21
       Scroll            |       |       |    14 |    11 |    10 ||    35
 Stab: Sleeping          |     2 |     2 |       |     6 |     4 ||    14
       Confused          |       |     1 |       |     2 |    14 ||    17
       Paralysed         |       |       |     7 |       |     5 ||    12
       Distracted        |       |       |       |     1 |     4 ||     5
Armor: Skin              |    34 |    66 |   125 |    84 |   104 ||   413
Dodge: Dodged            |    71 |   108 |   252 |   316 |   595 ||  1342
Block: Buckler           |       |    28 |    64 |       |       ||    92
       Kite shield       |       |       |     8 |   367 |   816 ||  1191
       Rpst.: Falchion   |    12 |       |       |       |       ||    12

Table legend: (Time is in decaauts)
 A = Elapsed time spent in this place.
 B = Non-inter-level travel time spent in this place.
 C = Inter-level travel time spent in this place.
 D = Time resting spent in this place.
 E = Time spent auto-exploring this place.
 F = Levels seen in this place.
 G = Mean time per level.
                   A        B        C        D        E       F      G
               +--------+--------+--------+--------+--------+-----+--------+
         Total |  26693 |  25863 |    830 |   7527 |  13908 |  20 | 1334.7 |
       Dungeon |  15114 |  14627 |    487 |   4107 |   8393 |  11 | 1374.0 |
          Lair |   9824 |   9506 |    318 |   2748 |   5041 |   6 | 1637.3 |
  Orcish Mines |    470 |    445 |     25 |    170 |    139 |   2 |  235.0 |
      Ice Cave |   1284 |   1284 |      0 |    502 |    335 |   1 | 1284.0 |
               +--------+--------+--------+--------+--------+-----+--------+

Top non-repeatable levels by time:
     D:8: 3214 daAuts
  Lair:6: 3149 daAuts
     D:4: 2170 daAuts
  Lair:5: 1795 daAuts
     D:3: 1629 daAuts
     D:9: 1624 daAuts
  Lair:2: 1460 daAuts
     D:5: 1457 daAuts
  Lair:4: 1386 daAuts
   IceCv: 1284 daAuts
  Lair:3: 1199 daAuts
     D:2: 1184 daAuts
     D:1: 989 daAuts
    D:10: 937 daAuts
     D:7: 914 daAuts
